 Dungeon Crawl Stone Soup version 0.31.0-12-g77e489cdc1 (webtiles) character file.

Game seed: 1775775656302956609

772 monsoonserge the Vexing (level 7, 0/53 HPs)
             Began as a Gnoll Hexslinger on Feb 12, 2024.
             Slain by Duvessa
             ... wielding a +0 short sword
              (9 damage)
             ... on level 4 of the Dungeon.
             The game lasted 00:10:36 (3665 turns).

monsoonserge the Vexing (Gnoll Hexslinger)          Turns: 3665, Time: 00:10:36

Health: 0/53       AC:  4    Str:  7    XL:     7   Next: 83%
Magic:  10/13      EV: 14    Int: 12    God:
Gold:   209        SH:  0    Dex: 17    Spells: 9/14 levels left

rFire   . . .        a - +1 sling
rCold   . . .        (no shield)
rNeg    . . .        u - +0 leather armour
rPois   .            s - +0 helmet
rElec   .            (no cloak)
rCorr   .            (no gloves)
SInv    .            (no boots)
Will    .....        (no amulet)
Stlth   ++           (no ring)
HPRegen 0.28/turn    (no ring)
MPRegen 0.13/turn

%: no passive effects
@: weak-willed, jinxed, invisible
A: fangs 1, strong nose, distributed training
a: no special abilities


You were on level 4 of the Dungeon.
You visited 1 branch of the dungeon, and saw 4 of its levels.

You collected 209 gold pieces.

Inventory:

Hand Weapons
 a - a +1 sling (weapon)
 f - a +1 dagger of flaming
Missiles
 i - 5 poisoned darts
 x - 4 boomerangs
Armour
 c - a +0 robe
 s - a +0 helmet (worn)
 u - a +0 leather armour (worn)
 w - a +0 ring mail
Magical Staves
 k - a staff of alchemy
Wands
 t - a wand of flame (6)
Scrolls
 b - a scroll of poison
 d - 4 scrolls of identify {unknown}
 j - 2 scrolls of immolation {unknown}
 o - a scroll of acquirement {unknown}
 r - a scroll of enchant armour {unknown}
 v - a scroll of torment {unknown}
Potions
 e - a potion of degeneration {unknown}
 g - a potion of invisibility
 h - a potion of curing {unknown}
 l - a potion of resistance {unknown}
 m - 2 potions of brilliance {unknown}
 n - a potion of ambrosia {unknown}
 p - a potion of cancellation {unknown}
 q - a potion of berserk rage {unknown}


   Skills:
 + Level 3.9 Fighting
 + Level 2.8 Short Blades
 + Level 2.8 Long Blades
 + Level 2.8 Axes
 + Level 2.8 Maces & Flails
 + Level 2.8 Polearms
 + Level 2.8 Staves
 + Level 5.4 Ranged Weapons
 + Level 2.8 Throwing
 + Level 2.8 Armour
 + Level 5.4 Dodging
 + Level 2.8 Stealth
 + Level 2.8 Shields
 + Level 2.8 Unarmed Combat
 + Level 4.0 Spellcasting
 + Level 2.3 Conjurations
 + Level 6.0 Hexes
 + Level 2.3 Summonings
 + Level 2.3 Necromancy
 + Level 2.3 Translocations
 + Level 3.2 Fire Magic
 + Level 2.3 Ice Magic
 + Level 2.3 Air Magic
 + Level 2.3 Earth Magic
 + Level 2.3 Alchemy
 + Level 3.1 Invocations
 + Level 2.8 Evocations
 + Level 2.5 Shapeshifting


You had 9 spell levels left.
You knew the following spells:

 Your Spells              Type           Power      Damage    Failure   Level
a - Jinxbite              Hex            32%        N/A       4%          2
b - Inner Flame           Hex/Fire       13%        N/A       14%         3

Your spell library contained the following spells:

 Spells                   Type           Power      Damage    Failure   Level
 Sigil of Binding         Hex            16%        N/A       9%          3
 Foxfire                  Conj/Fire      36%        2x1d5     11%         1
 Freeze                   Ice            32%        1d5       12%         1
 Cause Fear               Hex            8%         N/A       26%         4
 Frozen Ramparts          Ice            16%        1d3       36%         3
 Hailstorm                Conj/Ice       8%         3d5       36%         3
 Dimensional Bullseye     Hex/Tloc       6%         N/A       50%         4
 Plasma Beam              Fire/Air       4%         2x1d14    100%        6
 Starburst                Conj/Fire      4%         6d4       100%        6


Dungeon Overview and Level Annotations

Branches:
Dungeon (4/15)
 Temple: D:4-7

Altars:
Elyvilon
Nemelex Xobeh

Annotations:
D:3 2 runed translucent doors, Crazy Yiuf; redpenguiin's ghost, amateur TrFi
D:4 Dowan; Duvessa


Innate Abilities, Weirdness & Mutations

You have very sharp teeth.
Your uncanny sense of smell can sniff out nearby items.
Your experience applies equally to all skills.


Message History

The jinxing sprites lose interest in you.
Dowan completely misses you.
Fire: a) +1 sling
Press: ? - help, Q - select action, (/) - cycle Shift-Dir - straight line, f/p - Duvessa
Aim: Duvessa, wielding a +0 short sword and wearing a +0 leather armour (65% to hit)
You shoot a sling bullet. The sling bullet barely misses Dowan.
The sling bullet hits Duvessa.
Duvessa is lightly wounded.
Fire: a) +1 sling
Press: ? - help, Q - select action, (/) - cycle Shift-Dir - straight line, f/p - Duvessa
Aim: Duvessa, wielding a +0 short sword and wearing a +0 leather armour (lightly wounded, 65% to hit)
You shoot a sling bullet.
The sling bullet hits Duvessa but does no damage.
Duvessa is lightly wounded.
Duvessa hits you with a +0 short sword!
Fire: a) +1 sling
Press: ? - help, Q - select action, (/) - cycle Shift-Dir - straight line, f/p - Duvessa
Aim: Duvessa, wielding a +0 short sword and wearing a +0 leather armour (lightly wounded, 65% to hit)
You shoot a sling bullet. The sling bullet hits Duvessa.
Duvessa is moderately wounded.
Duvessa hits you with a +0 short sword!
Casting: Jinxbite (safe; 4% risk of failure)
Confirm with . or Enter, or press ? or * to list all spells.
You beckon some vexing sprites to accompany your attacks.
You feel your willpower being sapped. Duvessa hits you with a +0 short sword!
* * * LOW HITPOINT WARNING * * *
Unknown command.
Fire: a) +1 sling
Press: ? - help, Q - select action, (/) - cycle Shift-Dir - straight line, f/p - Duvessa
Aim: Duvessa, wielding a +0 short sword and wearing a +0 leather armour (moderately wounded, chance to call a sprite on attack: 32%, 65% to hit)
You shoot a sling bullet. The sling bullet hits Duvessa.
Duvessa is moderately wounded.
Duvessa hits you with a +0 short sword.
* * * LOW HITPOINT WARNING * * *
Okay, then.
It was a potion of invisibility.
You fade into invisibility!
Dowan casts a spell.
Dowan blinks!
Duvessa hits you with a +0 short sword!
You die...

...##...^...##...
..##.....^...##.#
.#
#.#^.^#####...#.#
.#
..##.'#.#.#'.##.#
.#
...###..#..###..#
.#
.#.....###......#
.#
.#..........###.#
.# .#####..#####
#.##.###### .
#.## #.@e§......
. #.# ####...###e
. #.# .$...# #
#.# .....# #..
∆.....# ....##
....# #.#.#


You could see Duvessa (unable to see you).

Vanquished Creatures
  Grinder (D:3)
  Sigmund (D:2)
  A scorpion (D:3)
  A bombardier beetle (D:4)
  2 orc priests
  An iguana (D:4)
  Natasha (thrice) (D:3)
  An orc wizard (D:4)
  4 adders
  A white imp (D:3)
  4 dart slugs
  7 orcs
  6 endoplasms
  A giant cockroach (D:1)
  3 goblins
  13 hobgoblins
  2 jackals (D:3)
  2 kobolds
  6 quokkas
  6 ball pythons
  5 bats (D:1)
  A frilled lizard (D:1)
  6 rats
78 creatures vanquished.

Notes
Turn   | Place    | Note
-------+----------+-------------------------------------------
     0 | D:1      | monsoonserge the Gnoll Hexslinger began the quest for the
                  | Orb.
     0 | D:1      | Reached XP level 1. HP: 17/17 MP: 4/4
   139 | D:1      | Reached XP level 2. HP: 18/23 MP: 5/5
   146 | D:1      | Learned a level 2 spell: Jinxbite
   370 | D:1      | Reached XP level 3. HP: 26/28 MP: 7/7
   622 | D:1      | Reached skill level 1 in Invocations
  1126 | D:2      | Reached skill level 1 in Short Blades
  1126 | D:2      | Reached skill level 1 in Long Blades
  1126 | D:2      | Reached skill level 1 in Axes
  1126 | D:2      | Reached skill level 1 in Maces & Flails
  1126 | D:2      | Reached skill level 1 in Polearms
  1126 | D:2      | Reached skill level 1 in Staves
  1126 | D:2      | Reached skill level 1 in Throwing
  1126 | D:2      | Reached skill level 1 in Armour
  1126 | D:2      | Reached skill level 1 in Stealth
  1126 | D:2      | Reached skill level 1 in Shields
  1126 | D:2      | Reached skill level 1 in Unarmed Combat
  1126 | D:2      | Reached skill level 1 in Evocations
  1256 | D:2      | Noticed Sigmund
  1266 | D:2      | Killed Sigmund
  1267 | D:2      | Reached skill level 1 in Conjurations
  1267 | D:2      | Reached skill level 1 in Summonings
  1267 | D:2      | Reached skill level 1 in Necromancy
  1267 | D:2      | Reached skill level 1 in Translocations
  1267 | D:2      | Reached skill level 1 in Ice Magic
  1267 | D:2      | Reached skill level 1 in Air Magic
  1267 | D:2      | Reached skill level 1 in Earth Magic
  1267 | D:2      | Reached skill level 1 in Alchemy
  1267 | D:2      | Reached skill level 1 in Shapeshifting
  1267 | D:2      | Reached XP level 4. HP: 9/35 MP: 7/9
  1267 | D:2      | Reached XP level 5. HP: 11/41 MP: 7/10
  1296 | D:2      | Learned a level 3 spell: Inner Flame
  1432 | D:2      | Reached XP level 6. HP: 46/47 MP: 8/11
  1674 | D:2      | Identified the +4 hand axe of Action {freeze, rPois rF+
                  | Str+3 Int+3}
  1973 | D:2      | Found a faded altar of an unknown god.
  2213 | D:3      | Reached skill level 5 in Ranged Weapons
  2213 | D:3      | Reached skill level 5 in Dodging
  2330 | D:3      | Found a runed translucent door.
  2331 | D:3      | Noticed redpenguiin's ghost (amateur TrFi)
  2388 | D:3      | Noticed Natasha
  2396 | D:3      | Killed Natasha
  2439 | D:3      | Noticed Grinder
  2457 | D:3      | Paralysed by Grinder for 5 turns
  2465 | D:3      | Paralysed by Grinder for 5 turns
  2471 | D:3      | Killed Grinder
  2472 | D:3      | Reached XP level 7. HP: 21/52 MP: 12/12
  2663 | D:3      | Noticed Natasha
  2670 | D:3      | Killed Natasha
  2883 | D:3      | Found a runed translucent door.
  2884 | D:3      | Noticed Crazy Yiuf
  3095 | D:3      | Noticed Natasha
  3102 | D:3      | Killed Natasha
  3153 | D:3      | Found a white marble altar of Elyvilon.
  3484 | D:4      | Reached skill level 6 in Hexes
  3628 | D:4      | Found a sparkling altar of Nemelex Xobeh.
  3651 | D:4      | Noticed Dowan
  3652 | D:4      | Noticed Duvessa
  3665 | D:4      | Slain by Duvessa

Illustrated notes

Levels and vault maps discovered:
D:1:      dpeg_arrival_signposts, layout_loops_ring
D:2:      layout_loops_corners, dilly_ecumenical_altar_fadedgnrine, uniq_sigmund
D:3:      layout_basic, mainiacjoe_overflow_alcove_4, gammafunk_ghost_grave,
          uniq_crazy_yiuf_cottage, uniq_natasha, uniq_grinder
D:4:      layout_loops_ring, yredelemnul_altar_generic,
          nemelex_spade_bored_becter, uniq_duvessa, uniq_ijyb

Skill      XL: |  1  2  3  4  5  6  7 |
---------------+----------------------+-----
Fire Magic     | 2 3 |  3.2
Invocations    | 2 3 |  3.1
Short Blades   | 1 2 |  2.8
Long Blades    | 1 2 |  2.8
Axes           | 1 2 |  2.8
Maces & Flails | 1 2 |  2.8
Polearms       | 1 2 |  2.8
Staves         | 1 2 |  2.8
Throwing       | 1 2 |  2.8
Armour         | 1 2 |  2.8
Stealth        | 1 2 |  2.8
Shields        | 1 2 |  2.8
Unarmed Combat | 1 2 |  2.8
Evocations     | 1 2 |  2.8
Fighting       | 3 |  3.9
Spellcasting   | 3 4 |  4.0
Conjurations   | 1 2 |  2.3
Summonings     | 1 2 |  2.3
Necromancy     | 1 2 |  2.3
Translocations | 1 2 |  2.3
Ice Magic      | 1 2 |  2.3
Air Magic      | 1 2 |  2.3
Earth Magic    | 1 2 |  2.3
Alchemy        | 1 2 |  2.3
Shapeshifting  | 1 2 |  2.5
Ranged Weapons | 5 |  5.4
Dodging        | 5 |  5.4
Hexes          | 6 |  6.0

Action                     |  1- 3 |  4- 6 |  7- 9 || total
---------------------------+-------+-------+-------++-------
  Melee: Sling             |       |       |     1 ||     1
   Fire: Sling             |   134 |    78 |   110 ||   322
   Cast: Jinxbite          |     2 |     2 |    10 ||    14
         Inner Flame       |       |       |     1 ||     1
    Use: Potion            |       |       |     1 ||     1
 Armour: Robe              |    34 |    16 |       ||    50
         Leather armour    |       |       |    36 ||    36
  Dodge: Dodged            |    39 |    23 |    34 ||    96
